AoeStats
← kichakick98

Arena

506666278Analyzed
4v4 RM · 17d ago on Sep 14, 2026· 34m 40s· 8 players
Game mode
Random Map
Map size
Large (8 player)
Population
200
Speed
Normal
Resources
Standard
Victory
Conquest
Starting age
Dark Age
Ending age
Imperial Age
RankedLock teamsTeams togetherTeam positionsShared explorationLock speedFull tech treeHidden civsTurbo modeCheats
Victory
Defeat
🇹🇷 Spanish · Türkiye
906
+12
🇩🇰 Muisca · Denmark
839
+14
🇮🇹 Burgundians · Italy
835
+14
796
+17
🇪🇸 Slavs · Spain
817
-15
🇮🇳 Franks · India
815
-15
🇧🇷 Mongols · Brazil
809
-14
765
-13
Renju94
3:02 Loom
6:20 Double-Bit Axe
10:54 Feudal Age
11:09 Gold Mining
14:19 Bow Saw
16:03 Stone Mining
18:48 Castle Age
17:42 Stone Shaft Mining
17:22 Horse Collar
18:29 Heavy Plow
21:26 Gold Shaft Mining
29:00 Scale Barding Armor
31:03 Wheelbarrow
33:54 Imperial Age
32:01 Forging
32:58 Crop Rotation
33:23 Treadmill Crane
35:03 Iron Casting
35:36 Chemistry
CT-2007
9:25 Loom
11:16 Feudal Age
12:18 Double-Bit Axe
12:16 Horse Collar
19:33 Castle Age
18:17 Wheelbarrow
18:08 Stone Mining
18:56 Fletching
20:40 Heavy Plow
20:54 Bow Saw
20:32 Town Watch
20:41 Gold Mining
21:42 Bodkin Arrow
23:17 Padded Archer Armor
24:03 Gold Shaft Mining
24:32 Murder Holes
25:31 Leather Archer Armor
25:01 Treadmill Crane
25:33 Masonry
27:16 Stone Shaft Mining
29:17 Hand Cart
33:46 Imperial Age
33:07 Herbal Medicine
34:33 Elite Guecha Warrior
[ATA]Woosa
6:48 Loom
11:07 Feudal Age
13:36 Wheelbarrow
16:53 Castle Age
16:18 Double-Bit Axe
16:31 Horse Collar
18:23 Bow Saw
20:39 Fervor
29:15 Imperial Age
27:22 Wheelbarrow
28:52 Gold Mining
28:53 Stone Mining
29:19 Heavy Plow
30:13 Hand Cart
31:40 Stone Shaft Mining
32:04 Town Watch
33:08 Scale Barding Armor
33:53 Town Patrol
34:18 Ballistics
36:05 Two-Man Saw
翻斗花园突击手刷子fores
5:24 Loom
10:03 Feudal Age
16:04 Castle Age
15:04 Double-Bit Axe
17:58 Bow Saw
26:01 Forging
25:58 Scale Barding Armor
28:39 Imperial Age
27:28 Gold Mining
30:02 Wheelbarrow
30:08 Chain Barding Armor
30:31 Iron Casting
29:19 Cavalier
32:14 Gold Shaft Mining
33:13 Hand Cart
35:40 Plate Barding Armor
36:07 Blast Furnace
34:31 Paladin
☯︎ PΔTΔS DΞ STΞΞL ☯
1:01 Loom
14:04 Feudal Age
15:42 Wheelbarrow
14:50 Horse Collar
14:56 Double-Bit Axe
16:00 Forging
15:51 Scale Mail Armor
20:33 Castle Age
20:16 Gold Mining
20:18 Stone Mining
21:14 Forging
21:07 Scale Mail Armor
21:13 Scale Barding Armor
21:42 Hand Cart
22:27 Bow Saw
25:19 Heavy Plow
28:37 Gold Shaft Mining
28:38 Stone Shaft Mining
33:38 Imperial Age
32:03 Town Watch
33:00 Squires
32:46 Gambesons
32:22 Pikeman
32:49 Arson
34:02 Stirrups
34:10 Husbandry
34:21 Bloodlines
34:52 Iron Casting
34:33 Chain Mail Armor
34:50 Chain Barding Armor
35:00 Town Patrol
36:03 Blast Furnace
MANTECOÑO63
5:19 Loom
12:12 Feudal Age
16:41 Castle Age
15:15 Double-Bit Axe
15:58 Gold Mining
16:00 Stone Mining
21:44 Horse Collar
26:29 Heavy Plow
26:42 Bow Saw
28:37 Wheelbarrow
27:48 Town Watch
32:55 Imperial Age
33:07 Capped Ram
kichakick98
10:50 Feudal Age
11:19 Double-Bit Axe
12:36 Wheelbarrow
15:42 Gold Mining
18:22 Castle Age
16:29 Stone Mining
19:21 Bow Saw
21:42 Gold Shaft Mining
BeatNgu
0:29 Loom
10:08 Feudal Age
11:30 Wheelbarrow
11:11 Horse Collar
16:04 Double-Bit Axe
21:29 Castle Age
19:29 Gold Mining
Connection lost

Rejoining the realm…

Still unreachable

The connection could not be restored.

Session expired

The server has moved on; the page needs a fresh start.